Map: [ESL] Berlingrad

Players

Scarlett

  • Race: Zerg Zerg

Reynor - Winner!

  • Race: Zerg Zerg

Event: IEM Katowice 2022

VOD

Have the link to the VOD?

Description

Time

  • Played on: Feb. 25, 2022, 3:56 p.m.
  • Length: 10:01

All games in this series

Show
View Real Time Build Order
Export as new Build Order

Scarlett Zerg 

Build Orders: Hatch First 

Get SALT Encoding   

  12  0:00  Drone  
  13  0:09  Drone  
  14  0:17  Extractor  
  14  0:18  Drone  
  14  0:21  Drone, Extractor  
  16  0:40  Extractor  
  15  0:48  Hatchery  
  14  0:56  Spawning Pool  
  13  1:01  Drone  
  14  1:08  Overlord  
  14  1:15  Extractor  
  14  1:16  Drone  
  15  1:26  Drone  
  16  1:42  Metabolic Boost  
  16  1:43  Queen  
  16  1:45  Zergling x2  
  19  1:57  Zergling x2  
  19  2:00  Queen  
  22  2:01  Zergling x2  
  22  2:08  Zergling x2  
  24  2:12  Zergling x2  
  24  2:15  Overlord  
  25  2:19  Zergling x2  
  26  2:23  Zergling x2  
  26  2:24  Zergling x2  
  28  2:34  Zergling x2  
  28  2:35  Zergling x2  
  30  2:41  Overlord  
  30  2:44  Zergling x2  
  31  2:52  Zergling x6  
  34  2:59  Zergling x4  
  34  3:04  Zergling x2  
  37  3:09  Zergling x6  
  37  3:12  Zergling x2  
  40  3:17  Zergling x2  
  40  3:20  Zergling x2  
  40  3:25  Zergling x4  
  41  3:27  Zergling x2  
  41  3:32  Zergling x2  
  41  3:33  Zergling x2  
  41  3:40  Drone  
  39  3:41  Drone  
  39  3:43  Drone  
  40  3:51  Drone  
  40  3:52  Drone  
  40  4:00  Overlord  
  40  4:01  Drone x2  
  40  4:11  Zergling x8  
  40  4:17  Overlord  
  40  4:24  Zergling x6  
  43  4:28  Zergling x4  
  45  4:33  Zergling x4  
  45  4:39  Zergling x2  
  45  4:42  Zergling x6  
  45  4:45  Zergling x2  
  50  4:47  Zergling x2  
  50  4:51  Zergling x2  
  52  4:54  Zergling x2  
  52  4:59  Zergling x6  
  56  5:05  Overlord  
  56  5:11  Zergling x2  
  56  5:12  Zergling x2  
  58  5:15  Zergling x2  
  58  5:16  Zergling x2  
  59  5:31  Zergling x10  
  63  5:42  Zergling x8  
  67  5:49  Overlord  
  67  6:01  Zergling x4  
  66  6:08  Zergling x12  
  68  6:16  Zergling x2  
  62  6:20  Zergling x2  
  62  6:21  Zergling x6  
  65  6:29  Baneling Nest  
  65  6:30  Hatchery  
  63  6:33  Overlord  
  63  6:35  Zergling x2  
  63  6:38  Zergling x2  
  65  6:42  Zergling x2  
  66  6:52  Zergling x8  
  70  6:59  Zergling x6  
  73  7:08  Overlord  
  73  7:12  Zergling x4  
  75  7:18  Zergling x2  
  75  7:21  Overlord  
  76  7:23  Zergling x2  
  77  7:31  Zergling x6  
  80  7:41  Baneling x7  
  80  7:43  Baneling x2  
  80  7:47  Zergling x2  
  81  7:53  Baneling, Zergling x2  
  81  7:54  Zergling x2  
  81  7:57  Zergling x2  
  84  8:03  Baneling  
  84  8:04  Zergling x4  
  85  8:15  Zergling x2  
  85  8:16  Zergling x8  
  85  8:18  Baneling  
  90  8:22  Baneling  
  90  8:28  Zergling x6  
  90  8:32  Overlord  
  93  8:36  Zergling x2  
  93  8:38  Baneling  
  94  8:41  Baneling  
  94  8:45  Zergling x4  
  96  8:50  Baneling  
  96  8:53  Zergling x2  
  96  8:54  Zergling x2  
  98  9:05  Zergling x8  
  101  9:11  Overlord  
  101  9:12  Zergling x2  
  101  9:13  Baneling x2  
  102  9:18  Zergling x2  
  102  9:22  Zergling x4  
  105  9:24  Baneling  
  105  9:26  Baneling  
  105  9:36  Spore Crawler  
  105  9:37  Spore Crawler  
Show
View Real Time Build Order
Export as new Build Order

Reynor Zerg - Winner!

Build Orders: Hatch First 

Get SALT Encoding   

  12  0:00  Drone  
  13  0:12  Overlord  
  13  0:16  Drone  
  14  0:30  Drone x2  
  16  0:47  Hatchery  
  15  0:50  Drone  
  15  0:54  Drone  
  17  1:08  Spawning Pool  
  17  1:11  Drone  
  17  1:14  Drone  
  17  1:18  Drone  
  19  1:25  Extractor  
  18  1:29  Drone  
  19  1:38  Drone  
  20  1:50  Overlord  
  20  1:55  Queen  
  20  1:58  Queen  
  20  1:59  Drone  
  20  2:00  Drone  
  26  2:10  Drone x2  
  28  2:21  Drone x2  
  30  2:31  Zergling x2  
  30  2:32  Queen  
  30  2:35  Overlord  
  33  2:42  Drone  
  33  2:44  Drone  
  35  2:53  Drone, Evolution Chamber  
  35  2:54  Drone  
  36  2:59  Extractor  
  36  3:03  Roach Warren  
  36  3:04  Evolution Chamber  
  33  3:11  Evolution Chamber  
  31  3:13  Zergling x2  
  31  3:14  Zergling x8  
  31  3:17  Evolution Chamber  
  31  3:18  Evolution Chamber  
  34  3:23  Evolution Chamber  
  34  3:24  Zergling x2  
  34  3:26  Zergling x2  
  35  3:29  Zergling x2  
  36  3:34  Zergling x4  
  38  3:42  Zergling x4  
  38  3:45  Metabolic Boost  
  41  3:50  Zergling x2  
  41  3:51  Zergling x4  
  43  4:02  Roach Warren  
  40  4:10  Zergling x6  
  40  4:16  Zerg Ground Armor Level 1  
  43  4:17  Evolution Chamber  
  43  4:19  Drone  
  43  4:20  Drone  
  44  4:27  Overlord  
  45  4:44  Overlord  
  46  4:45  Drone x3  
  46  4:46  Drone x2  
  46  4:49  Drone  
  51  4:53  Drone  
  51  4:59  Overlord  
  52  5:02  Drone x2  
  54  5:07  Roach Warren  
  54  5:09  Drone  
  54  5:13  Drone  
  55  5:20  Drone x3  
  58  5:31  Overlord  
  58  5:33  Drone x2  
  59  5:42  Evolution Chamber  
  56  5:48  Roach x5  
  66  5:52  Roach x3  
  66  5:54  Overlord  
  66  5:56  Evolution Chamber  
  71  5:59  Roach x2  
  71  6:02  Overlord  
  74  6:09  Roach x2  
  73  6:19  Roach x2  
  73  6:21  Lair  
  77  6:27  Drone x2  
  77  6:29  Zerg Missile Weapons Level 1, Extractor  
  77  6:30  Extractor  
  77  6:34  Drone  
  77  6:36  Roach Warren  
  77  6:38  Drone  
  78  6:45  Drone  
  77  6:49  Drone  
  77  6:52  Drone  
  77  6:53  Drone  
  77  6:54  Drone  
  79  6:58  Drone x2  
  80  7:02  Queen  
  86  7:08  Roach x3  
  86  7:09  Roach  
  90  7:17  Overlord  
  90  7:18  Overseer  
  90  7:19  Glial Reconstitution  
  90  7:22  Drone  
  89  7:23  Roach  
  89  7:27  Overlord  
  91  7:35  Overlord  
  91  7:36  Roach x4  
  99  7:44  Spire  
  99  7:47  Roach x2  
  99  7:48  Roach  
  99  7:50  Roach  
  106  7:56  Overlord  
  106  7:58  Roach  
  108  7:59  Roach  
  108  8:01  Overlord  
  110  8:10  Roach x2  
  114  8:18  Overlord  
  114  8:32  Drone x2  
  116  8:35  Overlord  
  116  8:50  Overlord  
  116  8:56  Mutalisk x6  
  128  9:06  Overlord  
  128  9:11  Roach x4  
  128  9:12  Roach  
  128  9:15  Overlord  
  128  9:16  Roach x2  
  142  9:19  Roach  
  144  9:24  Roach  
  144  9:30  Roach  
  148  9:37  Roach  
  150  9:42  Roach  

Tags
 
Add a new tag
Caveats
  • Supply blocks, unpowered buildings, or Contaminate may cause inaccurate times.
  • Supply counts are checked every 10 seconds.